 Dungeon Crawl Stone Soup version 0.18.1-50-g88ac8fd (webtiles) character file.

271 magog001 the Shield-Bearer (level 6, -4/38 HPs)
             Began as a Gargoyle Fighter on Jan 13, 2019.
             Killed by nerve-wracking pain
             ... invoked by an orc priest
              (9 damage)
             ... on level 3 of the Dungeon on Apr 19, 2019.
             The game lasted 00:09:47 (2248 turns).

magog001 the Shield-Bearer (Gargoyle Fighter)       Turns: 2248, Time: 00:09:48

Health: -4/38      AC: 11    Str: 20    XL:     6   Next: 23%
Magic:  6/6        EV:  7    Int:  9    God:
Gold:   66         SH: 10    Dex: 10    Spells: 0 memorised, 5 levels left

rFire  + . .     SeeInvis .     a - +0 flail
rCold  x . .     Gourm    .     b - +0 scale mail
rNeg   + . .     Faith    .     c - +0 shield
rPois  ∞         Spirit   .     (no helmet)
rElec  +         Dismiss  .     (no cloak)
rCorr  .         Reflect  .     (no gloves)
SustAt .         Harm     .     (no boots)
MR     .....                    (no amulet)
Stlth  ..........               (no ring)
                                n - ring of fire

@: not resistant to hostile enchantments, extremely unstealthy
A: negative energy resistance 1, electricity resistance, unbreathing,
petrification resistance, rot immunity, AC +4
a: no special abilities


You were on level 3 of the Dungeon.
You were not hungry.

You visited 1 branch of the dungeon, and saw 3 of its levels.

You collected 66 gold pieces.

Inventory:

Hand Weapons
 a - a +0 flail (weapon)
 j - a +0 hunting sling
Missiles
 g - 39 sling bullets
Armour
 b - a +0 scale mail (worn)
 c - a +0 shield (worn)
 k - a +0 cloak
Jewellery
 n - a ring of fire (left hand)
Scrolls
 l - a scroll of identify {unknown}
 m - a scroll of remove curse {unknown}
 o - 2 scrolls of random uselessness {unknown}
Potions
 d - a potion of berserk rage {unknown}
 e - a potion of flight {unknown}
 h - a potion of curing
Comestibles
 f - 5 bread rations
 i - 2 chunks of flesh


   Skills:
 + Level 3.8 Fighting
 * Level 3.5 Maces & Flails
 + Level 4.3 Armour
 + Level 5.6 Shields


You had 5 spell levels left.
You didn't know any spells.

Dungeon Overview and Level Annotations

Branches:
Dungeon (3/15)

Altars:
Xom
Zin


Innate Abilities, Weirdness & Mutations

You are resistant to torment.
Your stone body is resilient (AC +4).
You are immune to poison.
You resist negative energy.
You are resistant to electric shocks.
You can survive without breathing.
You are immune to petrification.
You are immune to rotting.


Message History

* * * LOW HITPOINT WARNING * * *
You barely miss the orc priest. The orc priest hits you.
* * * LOW HITPOINT WARNING * * *
You sock the orc priest!
The orc priest is severely wounded.
The orc priest hits you but does no damage. x2
You closely miss the orc priest.
The orc priest is severely wounded.
The orc priest hits you but does no damage.
You closely miss the orc priest.
The orc priest is severely wounded.
The orc priest hits you but does no damage.
You hit the orc priest.
The orc priest is almost dead.
The orc priest hits you but does no damage.
Your shield and scale mail prevent you from hitting the orc priest.
The orc priest is almost dead.
The orc priest invokes the aid of Beogh against you.
Pain shoots through your body!
You die...

#. #........# #.###
####........#
##....##...........#
#..................#
#..................#######
#.$......................#
#........................#
#..........o#####....(...#
#.......###@# #........#
#.....?.# #)# #........#
######### #.# #........#
#.##############
#.........# #########.#
#.##.# #.##.# #....#


You could see an orc priest.

Vanquished Creatures
  Sigmund (D:2)
  Terence (D:3)
  4 adders
  A worm (D:2)
  2 dart slugs (D:2)
  2 orcs (D:3)
  A ball python (D:1)
  2 giant cockroaches
  6 goblins
  7 hobgoblins
  5 kobolds
  6 bats
  3 giant newts
  9 rats
50 creatures vanquished.

Notes
Turn   | Place    | Note
--------------------------------------------------------------
     0 | D:1      | magog001 the Gargoyle Fighter began the quest for the Orb.
     0 | D:1      | Reached XP level 1. HP: 14/14 MP: 1/1
   310 | D:1      | Reached XP level 2. HP: 19/19 MP: 2/2
   667 | D:1      | Reached skill level 4 in Shields
   712 | D:1      | Reached XP level 3. HP: 22/23 MP: 3/3
  1412 | D:2      | Reached XP level 4. HP: 27/28 MP: 4/4
  1416 | D:2      | Noticed Sigmund
  1817 | D:2      | Killed Sigmund
  1817 | D:2      | Reached skill level 5 in Shields
  1817 | D:2      | Reached XP level 5. HP: 14/33 MP: 5/5
  2073 | D:2      | Found a glowing silver altar of Zin.
  2073 | D:2      | Found a shimmering altar of Xom.
  2073 | D:2      | Noticed an angel
  2078 | D:2      | Reached XP level 6. HP: 38/38 MP: 6/6
  2179 | D:3      | Noticed Terence
  2194 | D:3      | Killed Terence
  2248 | D:3      | Killed from afar by an orc priest

Skill      XL: |  1  2  3  4 |
---------------+-------------+-----
Shields        | 4 5 |  5.6
Maces & Flails | 3 |  3.5
Armour         | 4 |  4.3
Fighting       | |  3.8

Action                   |  1- 3 |  4- 6 || total
-------------------------+-------+-------++-------
Melee: Flail             |   137 |   103 ||   240
  Use: Potion            |       |     5 ||     5
  Eat: Chunk             |     2 |       ||     2
       Meat ration       |       |     1 ||     1
Armor: Scale mail        |    69 |   114 ||   183
Dodge: Dodged            |    36 |    69 ||   105
Block: Shield            |    70 |   100 ||   170
